 Dungeon Crawl Stone Soup version 0.29-a0-317-gd16b76e6b1 (webtiles) character file.

Game seed: 2006514412260708736

120 JuicyJ the Stinger (level 4, 0/34 HPs)
             Began as a Draconian Venom Mage on Mar 31, 2022.
             Slain by an orc
             ... wielding a +0 flail
              (7 damage)
             ... on level 3 of the Dungeon.
             The game lasted 00:17:35 (2678 turns).

JuicyJ the Stinger (Draconian Venom Mage)           Turns: 2678, Time: 00:17:36

Health: 0/34       AC:  5    Str: 10    XL:     4   Next: 75%
Magic:  7/7        EV: 12    Int: 15    God:
Gold:   109        SH:  0    Dex: 14    Spells: 0/7 levels left

rFire   . . .      SeeInvis .   i - +0 short sword (venom)
rCold   . . .      Faith    .   (no shield)
rNeg    . . .      Spirit   .   (body armour unavailable)
rPois   .          Reflect  .   (helmet restricted)
rElec   .          Harm     .   (no cloak)
rCorr   .          Rampage  .   (no gloves)
Will    .....                   (no boots)
Stlth   ++........              (no amulet)
HPRegen 0.11/turn               (no ring)
MPRegen 0.10/turn               (no ring)

@: no status effects
A: AC +5, unfitting armour, cold-blooded
a: no special abilities


You were on level 3 of the Dungeon.
You visited 1 branch of the dungeon, and saw 3 of its levels.

You collected 109 gold pieces.

Inventory:

Hand Weapons
 i - a +0 short sword of venom (weapon)
Missiles
 k - 6 poisoned darts
Armour
 n - a +0 ring mail
 r - a +0 ring mail
 u - a +0 robe
Jewellery
 s - an amulet of magic regeneration
Scrolls
 b - a scroll of fog {unknown}
 c - a scroll of amnesia {unknown}
 e - a scroll of holy word {unknown}
 f - a scroll of summoning {unknown}
 h - a scroll of teleportation {unknown}
 j - a scroll of magic mapping {unknown}
 l - 2 scrolls of identify {unknown}
 m - a scroll of silence {unknown}
 p - a scroll of acquirement {unknown}
Potions
 a - a potion of magic
 d - a potion of degeneration {unknown}
 g - a potion of heal wounds {unknown}
 o - 3 potions of mutation {unknown}
 q - a potion of brilliance {unknown}
 t - a potion of curing {unknown}
 v - a potion of flight {unknown}


   Skills:
 + Level 0.9 Fighting
 + Level 1.5 Short Blades
 + Level 2.2 Dodging
 + Level 2.2 Stealth
 + Level 0.1 Unarmed Combat
 + Level 2.4 Spellcasting
 + Level 2.0 Transmutations
 + Level 3.8 Poison Magic


You couldn't memorise any spells.
You knew the following spells:

 Your Spells              Type           Power      Damage    Failure   Level
a - Sting                 Tmut/Pois      40%        1d5       6%          1
b - Poisonous Vapours     Pois/Air       14%        N/A       14%         2
c - Animate Skeleton      Necr           2%         N/A       22%         1
d - Spider Form           Tmut/Pois      10%        N/A       19%         3

Your spell library contained the following spells:

 Spells                   Type           Power      Damage    Failure   Level
 Apportation              Tloc           2%         N/A       22%         1
 Summon Small Mammal      Summ           4%         N/A       22%         1
 Ensorcelled Hibernation  Hex/Ice        2%         N/A       32%         2
 Mephitic Cloud           Conj/Pois/Air  5%         N/A       36%         3
 Olgreb's Toxic Radiance  Pois           13%        N/A       41%         4
 Anguish                  Hex/Necr       0%         N/A       91%         4


Dungeon Overview and Level Annotations

Branches:
Dungeon (3/15)

Altars:

Shops:
D:2 ?


Innate Abilities, Weirdness & Mutations

Your plain brown scales are hard. (AC +5)
You cannot fit into any form of body armour.
You are cold-blooded and may be slowed by cold attacks.


Message History

You swap places.
There is an open door here.
Found a stone staircase leading down.
You swap places.
Found 9 gold pieces.
You now have 109 gold pieces (gained 9).
An orc priest comes into view. It is wielding a +0 club.
An orc comes into view. It is wielding a +0 flail.
The orc priest shouts!
The orc shouts!
You hear a shout!
An orc comes into view. It is wielding a +0 whip.
The orc priest mumbles some strange prayers to Beogh against you.
Beogh smites you!
You hit the orc priest but do no damage.
The orc priest is poisoned.
You tail-slap the orc priest.
The orc priest is lightly wounded.
The orc priest barely misses you. The orc barely misses you.
You hit the orc priest.
The orc priest looks as sick as possible!
The orc priest is lightly wounded.
An orc comes into view. It is wielding a +0 dagger.
The orc priest hits you with a +0 club. The orc barely misses you.
You closely miss the orc priest.
The orc priest is moderately wounded.
The orc hits you but does no damage. The orc priest hits you with a +0 club.
The orc hits you but does no damage.
You closely miss the orc priest.
The orc priest is moderately wounded.
The orc completely misses you. The orc priest closely misses you.
The orc hits you with a +0 flail.
You hit the orc priest.
The orc priest looks as sick as possible!
The orc priest is severely wounded.
The orc misses you. The orc priest hits you with a +0 club.
The orc hits you but does no damage.
You hit the orc priest.
You kill the orc priest!
The orc hits you with a +0 whip.
* * * LOW HITPOINT WARNING * * *
The orc hits you with a +0 flail!
You die...

## ## # .# ###.# ..
....... .#.#. ...
### ............#
#.#.#.#.#.#.#.#
.....#ooo.........
#...#.#@#.# #.##.#
.......Z..# #.##.#
....#.#...#
#.##.###
..........###......
#
.##.#............>
.
......###.###.##.#
. #.#.##
#.###.##.#### .
.... #...........#
. #.. #.###.##.####
.


You could see 3 orcs and a friendly goblin skeleton.

Vanquished Creatures
  An orc priest (D:3)
  6 adders
  2 worms (D:2)
  A dart slug (D:1)
  An orc (D:2)
  4 ball pythons
  6 bats
  An endoplasm (D:2)
  2 giant cockroaches
  9 goblins
  4 hobgoblins
  2 jackals (D:2)
  3 quokkas
  A frilled lizard (D:1)
  6 kobolds
  6 rats
55 creatures vanquished.

Notes
Turn   | Place    | Note
-------+----------+-------------------------------------------
     0 | D:1      | JuicyJ the Draconian Venom Mage began the quest for the
                  | Orb.
     0 | D:1      | Reached XP level 1. HP: 14/14 MP: 3/3
   484 | D:1      | Reached XP level 2. HP: 14/22 MP: 0/5
   627 | D:1      | Found a faded altar of an unknown god.
  1163 | D:2      | Reached XP level 3. HP: 12/27 MP: 6/6
  1325 | D:2      | Found Vuotocox's Magic Scroll Shop.
  1687 | D:2      | Reached XP level 4. HP: 29/34 MP: 7/7
  1844 | D:2      | Reached skill level 1 in Short Blades
  2310 | D:3      | Learned a level 2 spell: Poisonous Vapours
  2312 | D:3      | Learned a level 1 spell: Animate Skeleton
  2316 | D:3      | Learned a level 3 spell: Spider Form
  2678 | D:3      | Slain by an orc

Illustrated notes

Levels and vault maps discovered:
D:1:      dpeg_arrival_long_road, layout_basic,
          dreamdust_ecumenical_altar_angels_and_demons, hangedman_decor_lopped
D:2:      layout_basic, serial_shops,
          nicolae_shop_temple_entry_statues_fountains,
          chequers_serial_rivers_large_b
D:3:      kennysheep_six_static_rooms, layout_basic,
          grunt_temple_overflow_diamond, lemuel_zombie_altar_yredelemnul,
          gammafunk_temple_overflow_elements, hangedman_decor_riveting,
          uniq_terence

Skill      XL: |  1  2  3  4 |
---------------+-------------+-----
Dodging        | 2 |  2.2
Stealth        | 2 |  2.2
Short Blades   | 1 |  1.5
Transmutations | 2 |  2.0
Fighting       | |  0.9
Unarmed Combat | |  0.1
Spellcasting   | |  2.4
Poison Magic   | |  3.8

Action                   |  1- 3 |  4- 6 || total
-------------------------+-------+-------++-------
Melee: Unarmed           |    16 |       ||    16
       Tailslap          |    14 |     7 ||    21
       Short sword       |    74 |    59 ||   133
 Cast: Sting             |    16 |       ||    16
       Animate Skeleton  |       |     2 ||     2
       Poisonous Vapours |       |     1 ||     1
 Stab: Sleeping          |     2 |     1 ||     3
Armor: Skin              |    24 |    43 ||    67
Dodge: Dodged            |    64 |    72 ||   136

Table legend: (Time is in decaauts)
 A = Elapsed time spent in this place.
 B = Non-inter-level travel time spent in this place.
 C = Inter-level travel time spent in this place.
 D = Time resting spent in this place.
 E = Time spent auto-exploring this place.
 F = Levels seen in this place.
 G = Mean time per level.
                   A        B        C        D        E       F      G
               +--------+--------+--------+--------+--------+-----+--------+
         Total |   2688 |   2688 |      0 |      0 |      0 |   3 |  896.0 |
       Dungeon |   2688 |   2688 |      0 |      0 |      0 |   3 |  896.0 |
               +--------+--------+--------+--------+--------+-----+--------+

Top non-repeatable levels by time:
     D:1: 1149 daAuts
     D:2: 1058 daAuts
     D:3: 479 daAuts
